 Dungeon Crawl Stone Soup version 0.32-a0-18-g89e19f1 (webtiles) character file.

Game seed: 10757784046759988213

135 Dorkslayer the Ducker (level 5, -4/36 HPs)
             Began as an Octopode Fighter on Jan 16, 2024.
             Slain by a gnoll
             ... wielding a +0 halberd
              (12 damage)
             ... on level 2 of the Dungeon.
             The game lasted 00:03:38 (1458 turns).

Dorkslayer the Ducker (Octopode Fighter)            Turns: 1458, Time: 00:03:38

Health: -4/36      AC:  1    Str: 16    XL:     5   Next: 18%
Magic:  5/5        EV: 13    Int: 10    God:
Gold:   117        SH:  5    Dex: 13    Spells: 4/4 levels left

rFire   . . .        a - +0 long sword
rCold   . . .        b - +0 buckler
rNeg    . . .        (helmet restricted)
rPois   +            (no amulet)
rElec   .            d - ring of poison resistance
rCorr   .            (no ring)
SInv    .            (no ring)
Will    .....        (no ring)
Stlth   +++          (no ring)
HPRegen 0.26/turn    (no ring)
MPRegen 0.09/turn    (no ring)
                     (no ring)

%: no passive effects
@: mighty
A: almost no armour, amphibious, 8 rings, camouflage 1, gelatinous body 1,
(nimble swimmer 1), tentacles
a: no special abilities


You were on level 2 of the Dungeon.
You visited 1 branch of the dungeon, and saw 2 of its levels.

You collected 117 gold pieces.

Inventory:

Hand Weapons
 a - a +0 long sword (weapon)
Armour
 b - a +0 buckler (worn)
Jewellery
 d - a ring of poison resistance (left tentacle)
Scrolls
 g - a scroll of amnesia
Potions
 e - a potion of ambrosia {unknown}


   Skills:
 + Level 3.3 Fighting
 + Level 2.4 Long Blades
 * Level 2.5 Throwing
 * Level 3.8 Dodging
 + Level 1.2 Stealth
 + Level 3.5 Shields


You had 4 spell levels left.
You didn't know any spells.
Your spell library was empty.

Dungeon Overview and Level Annotations

Branches:
Dungeon (2/15)

Altars:


Innate Abilities, Weirdness & Mutations

You cannot wear most types of armour.
You are amphibious.
You can wear up to eight rings at the same time.
Your skin changes colour to match your surroundings (Stealth+).
Your rubbery body absorbs attacks. (AC +1, EV +1)
((You are camouflaged when in or above water. (Stealth+)))
You have tentacles for arms and can constrict up to eight enemies at once.


Message History

You assume a fearsome visage.
The gnoll looks frightened!
It was a scroll of fear.
A gnoll sergeant breaks down the door.
As you read the scroll labelled RYNONKEIDU, it crumbles to dust.
You feel aware of your surroundings.
It was a scroll of revelation.
A gnoll comes into view. It is wielding a +0 spear.
You feel very mighty all of a sudden.
The gnoll sergeant hits you with a +1 spear of flaming!
The gnoll sergeant burns you.
You slash the gnoll sergeant! You grab the gnoll sergeant.
The gnoll sergeant is heavily wounded.
You constrict the gnoll sergeant.
The gnoll sergeant struggles to escape constriction. x2
The gnoll sergeant blocks your attack.
The gnoll sergeant is heavily wounded.
You constrict the gnoll sergeant, but do no damage.
You block the gnoll sergeant's attack.
You slash the gnoll sergeant!
The gnoll sergeant is almost dead.
You constrict the gnoll sergeant.
You kill the gnoll sergeant!
Your Throwing skill increases to level 2!
Your Stealth skill increases to level 1!
You have reached level 5!
You feel stronger.
You hit the gnoll. You grab the gnoll. You squeeze the gnoll!
You kill the gnoll!
The gnoll hits you from afar with a +0 spear.
* * * LOW HITPOINT WARNING * * *
Unknown command.
The gnoll attacks as it pursues you! You block the gnoll's attack.
The gnoll hits you with a +0 spear.
* * * LOW HITPOINT WARNING * * *
You hit the gnoll. Your grab misses the gnoll. Your squeeze misses the gnoll.
The gnoll is moderately wounded.
You block the gnoll's attack. The gnoll barely misses you.
You slash the gnoll!
You kill the gnoll!
The gnoll barely misses you.
The gnoll hits you from afar with a +0 halberd!
You die...

###############
################
################
##....@).#######
##.#####g#######
##.####♣.♣######
##.###♣♣g♣♣#####
###.###♣..)♣#####
##########...##♣♣...♣♣####
...........###♣♣.....♣♣###
#############♣♣♣)..♣.♣♣♣##
###♣♣..♣....♣♣##


You could see a gnoll.

Vanquished Creatures
  A gnoll sergeant (D:2)
  2 gnolls (D:2)
  2 adders (D:2)
  A dart slug (D:2)
  2 ribbon worms (D:2)
  5 ball pythons
  3 bats
  6 endoplasms
  2 giant cockroaches (D:2)
  6 goblins
  A quokka (D:1)
  2 frilled lizards (D:1)
  6 kobolds
  3 rats
42 creatures vanquished.

Notes
Turn   | Place    | Note
-------+----------+-------------------------------------------
     0 | D:1      | Dorkslayer the Octopode Fighter began the quest for the
                  | Orb.
     0 | D:1      | Reached XP level 1. HP: 16/16 MP: 1/1
    71 | D:1      | You fall into a shaft and drop 1 floor!
   108 | D:2      | Reached XP level 2. HP: 13/21 MP: 2/2
   332 | D:1      | Reached XP level 3. HP: 26/26 MP: 3/3
   936 | D:2      | Reached skill level 1 in Throwing
  1107 | D:2      | Reached XP level 4. HP: 31/31 MP: 4/4
  1437 | D:2      | Noticed a gnoll sergeant
  1452 | D:2      | Killed a gnoll sergeant
  1453 | D:2      | Reached skill level 1 in Stealth
  1453 | D:2      | Reached XP level 5. HP: 16/36 MP: 5/5
  1458 | D:2      | Slain by a gnoll

Illustrated notes

Levels and vault maps discovered:
D:1:      psy_arrival_wood_between_worlds, layout_basic
D:2:      layout_loops_ring, st_stairs_13, pf_guarded_unrand_woodcutter

Skill      XL: |  1  2  3  4 |
---------------+-------------+-----
Throwing       | 1 2 |  2.5
Stealth        | 1 |  1.2
Fighting       | |  3.3
Long Blades    | |  2.4
Dodging        | |  3.8
Shields        | |  3.5

Action                     |  1- 3 |  4- 6 || total
---------------------------+-------+-------++-------
  Melee: Long sword        |    29 |    17 ||    46
         Tentacles         |     7 |     6 ||    13
         Constrict         |     8 |     4 ||    12
  Throw: Boomerang         |    48 |       ||    48
    Use: Scroll            |       |     3 ||     3
         Potion            |       |     1 ||     1
   Stab: Sleeping          |     3 |       ||     3
 Armour: Skin              |    10 |     6 ||    16
  Dodge: Dodged            |    16 |    10 ||    26
  Block: Buckler           |     9 |     4 ||    13

Table legend: (Time is in decaauts)
 A = Elapsed time spent in this place.
 B = Non-inter-level travel time spent in this place.
 C = Inter-level travel time spent in this place.
 D = Time resting spent in this place.
 E = Time spent auto-exploring this place.
 F = Levels seen in this place.
 G = Mean time per level.
                   A        B        C        D        E       F      G
               +--------+--------+--------+--------+--------+-----+--------+
         Total |   1488 |   1488 |      0 |      0 |   1145 |   2 |  744.0 |
       Dungeon |   1488 |   1488 |      0 |      0 |   1145 |   2 |  744.0 |
               +--------+--------+--------+--------+--------+-----+--------+

Top non-repeatable levels by time:
     D:1: 844 daAuts
     D:2: 643 daAuts
